 Dungeon Crawl Stone Soup version 0.31.0-32-g396128a36d (webtiles) character file.

Game seed: 9206205936846909622

99 NotreDorf the Ducker (level 4, -4/35 HPs)
             Began as a Merfolk Gladiator on Apr 6, 2024.
             Slain by Grinder (7 damage)
             ... on level 3 of the Dungeon.
             The game lasted 00:03:38 (1694 turns).

NotreDorf the Ducker (Merfolk Gladiator)            Turns: 1694, Time: 00:03:38

Health: -4/35      AC:  5    Str: 18    XL:     4   Next: 72%
Magic:  4/4        EV: 13    Int:  7    God:
Gold:   70         SH:  0    Dex: 15    Spells: 3/3 levels left

rFire   . . .        u - +8 hammer of Bezopp {drain, Will+ Str+2}
rCold   . . .        (no shield)
rNeg    . . .        b - +0 leather armour
rPois   .            c - +0 helmet
rElec   .            g - +0 cloak
rCorr   .            (no gloves)
SInv    .            (no boots)
Will    +....        (no amulet)
Stlth   ++           (no ring)
HPRegen 0.25/turn    (no ring)
MPRegen 0.09/turn

%: no passive effects
@: no status effects
A: (nimble swimmer 2), mertail
a: no special abilities


You were on level 3 of the Dungeon.
You visited 1 branch of the dungeon, and saw 3 of its levels.

You collected 70 gold pieces.

Inventory:

Hand Weapons
 a - a +0 trident
 u - the +8 hammer of Bezopp (weapon) {drain, Will+ Str+2}
   (You found it on level 2 of the Dungeon)

   Str+2:     It affects your strength (+2).
   Will+:     It increases your willpower.
Missiles
 d - 3 throwing nets (quivered)
 e - a javelin
Armour
 b - a +0 leather armour (worn)
 c - a +0 helmet (worn)
 g - a +0 cloak (worn)
Jewellery
 s - a ring of fire
Wands
 v - a wand of quicksilver (8)
Scrolls
 f - a scroll of enchant armour {unknown}
 i - 4 scrolls of teleportation {unknown}
 l - a scroll of fog {unknown}
 m - a scroll of immolation {unknown}
 n - a scroll of noise {unknown}
 q - 2 scrolls of torment {unknown}
 r - a scroll of identify {unknown}
 t - a scroll of acquirement {unknown}
Potions
 h - a potion of mutation {unknown}
 j - a potion of invisibility {unknown}
 k - a potion of curing {unknown}
 o - 2 potions of degeneration {unknown}
 p - 3 potions of heal wounds {unknown}


   Skills:
 + Level 3.0 Fighting
 + Level 4.7 Polearms
 + Level 2.7 Throwing
 + Level 4.7 Dodging
 + Level 2.0 Stealth


You had 3 spell levels left.
You didn't know any spells.
Your spell library contained the following spells:

 Spells                   Type           Power      Damage    Failure   Level
 Call Imp                 Summ           0%         N/A       63%         2
 Sublimation of Blood     Necr           0%         N/A       63%         2
 Summon Hydra             Summ           0%         N/A       100%        7


Dungeon Overview and Level Annotations

Branches:
Dungeon (3/15)

Altars:
Kikubaaqudgha

Annotations:
D:2 1 runed translucent door, Crazy Yiuf
D:3 Grinder


Innate Abilities, Weirdness & Mutations

((You are very nimble when in or above water. (Stealth+, EV+, Speed+++)))
Your lower body shifts to a powerful aquatic tail in water.


Message History

Grinder blinks!
The orc wizard gestures wildly while chanting.
The orc wizard flickers and vanishes!
Deactivating autopickup; reactivate with Ctrl-A.
Grinder misses you.
You hit Grinder.
Grinder is lightly wounded.
Grinder gestures at you. You resist with some effort.
You sock the orc!
You kill the orc!
Something hits you but does no damage. Grinder hits you but does no damage.
Something hits you but does no damage. Grinder gestures at you.
Pain shoots through your body!
Your Stealth skill increases to level 2!
You thump Grinder!
Grinder is moderately wounded.
Something hits you but does no damage.
An orc priest comes into view.
It is wielding a +0 dagger of protection.
Grinder barely misses you.
You completely miss Grinder.
Grinder is moderately wounded.
Something hits you. Grinder hits you!
You writhe in agony.
Grinder misses you. Something hits you.
You sock Grinder!
Grinder is heavily wounded.
Something hits you. Grinder gestures at you. You resist with some effort.
You closely miss Grinder.
Grinder is heavily wounded.
The orc priest invokes the aid of Beogh against you.
Pain shoots through your body! Grinder hits you!
* * * LOW HITPOINT WARNING * * *
You closely miss Grinder.
Grinder is heavily wounded.
Grinder hits you!
You die...
Grinder says, "Hey, I wasn't done torturing you yet!"

#..........
#.#########
#.####....#
#.........# #
#.####....#
..############.#
#....#
#..............#
##...#
#....!).########
#.#).
.....o.@...#
#.###
......#5#..#
#.##.
......#.#.##
#.##. #...# #.#
# ..##. #... #.#
###.. ##. #.#
.#. # #.. ...
### . .#


You could see Grinder and an orc priest.

Vanquished Creatures
  Ijyb (D:3)
  2 adders (D:2)
  A ribbon worm (D:2)
  2 dart slugs (D:1)
  An orc (D:3)
  4 endoplasms (D:2)
  3 giant cockroaches
  2 goblins (D:1)
  4 hobgoblins
  6 jackals
  A quokka (D:1)
  3 ball pythons
  5 bats
  2 frilled lizards
  8 kobolds
  3 rats
48 creatures vanquished.

Notes
Turn   | Place    | Note
-------+----------+-------------------------------------------
     0 | D:1      | NotreDorf the Merfolk Gladiator began the quest for the
                  | Orb.
     0 | D:1      | Reached XP level 1. HP: 16/16 MP: 1/1
   100 | D:1      | Reached XP level 2. HP: 23/23 MP: 2/2
   152 | D:1      | Reached skill level 1 in Stealth
   211 | D:1      | Reached XP level 3. HP: 28/28 MP: 3/3
   674 | D:2      | Found an ancient bone altar of Kikubaaqudgha.
  1038 | D:2      | Reached XP level 4. HP: 29/34 MP: 4/4
  1129 | D:2      | Identified the +8 hammer of Bezopp {drain, Will+ Str+2}
  1133 | D:2      | Found a runed translucent door.
  1134 | D:2      | Noticed Crazy Yiuf
  1552 | D:3      | Noticed Ijyb
  1562 | D:3      | Killed Ijyb
  1685 | D:3      | Noticed Grinder
  1694 | D:3      | Slain by Grinder

Illustrated notes

Levels and vault maps discovered:
D:1:      lightli_arrival_boilingwater, layout_rooms
D:2:      layout_loops_corners, basic_altar, serial_forest,
          infiniplex_forest_lined_2, infiniplex_forest_zigzag_1,
          infiniplex_forest_clump_double, infiniplex_forest_clump_C,
          infiniplex_forest_end_3, infiniplex_forest_zigzag_1,
          uniq_crazy_yiuf_cottage
D:3:      layout_loops_ring, shapermc_ecumenical_altar_gd,
          serial_co_window_serial, co_window_paths_a, co_window_corner_a,
          co_window_corner_a, co_window_paths_b, co_window_corner_a,
          co_window_corner_a, co_window_of_opportunity_a, co_window_paths_b,
          co_window_paths_a, co_window_2corner, co_window_unsneaky_path_d,
          co_window_paths_c, co_window_of_opportunity_b, co_window_corner_ca,
          co_window_corner_b, uniq_grinder, uniq_ijyb

Skill      XL: |  1  2  3  4 |
---------------+-------------+-----
Stealth        | 1 2 |  2.0
Fighting       | 3 |  3.0
Polearms       | |  4.7
Throwing       | |  2.7
Dodging        | |  4.7

Action                     |  1- 3 |  4- 6 || total
---------------------------+-------+-------++-------
  Melee: Trident           |   126 |     6 ||   132
         Punch             |     1 |       ||     1
         Mace              |       |    13 ||    13
   Stab: Sleeping          |     3 |       ||     3
 Armour: Leather armour    |    52 |    17 ||    69
  Dodge: Dodged            |    75 |     7 ||    82
